 Dungeon Sprint DCSS version 0.29-a0-322-g68df515428 (webtiles) character file.

Game seed: 16670377476485836940

12955 mhtbhm the Executioner (level 11, -9/123 HPs)
             Began as a Minotaur Berserker on Apr 9, 2022.
             Was the Champion of Trog.
             Mangled by a deep troll (10 damage)
             ... in the Dungeon (Sprint VII: "The Pits").
             The game lasted 00:04:34 (2983 turns).

mhtbhm the Executioner (Minotaur Berserker)         Turns: 2983, Time: 00:04:34

Health: -9/123     AC: 16    Str: 25      XL:     11   Next: 69%
Magic:  10/10      EV: 15    Int:  3 (4)  God:    Trog [******]
Gold:   0          SH:  0    Dex: 14      Spells: 10/10 levels left

rFire   . . .      SeeInvis .   a - +7 battleaxe (flame)
rCold   . . .      Faith    .   (shield currently unavailable)
rNeg    . . .      Spirit   .   b - +0 swamp dragon scales
rPois   +          Reflect  .   (helmet restricted)
rElec   .          Harm     .   o - +0 cloak
rCorr   .          Rampage  .   (no gloves)
Will    .....      NoTele   +   (no boots)
Stlth   ++........              (no amulet)
HPRegen 0.30/turn               k - +3 ring of protection
MPRegen 0.12/turn               m - +3 ring of dexterity

@: on berserk cooldown, slowed, very slow
A: horns 2, retaliatory headbutt, deterioration 1
a: Renounce Religion, Berserk, Trog's Hand, Brothers in Arms


You were in the Dungeon.
You worshipped Trog.
Trog was exalted by your worship.
You visited 1 branch

Inventory:

Hand Weapons
 a - a +7 battleaxe of flaming (weapon)
 p - a +5 vorpal war axe
Missiles
 q - 8 boomerangs (quivered)
 r - 3 silver javelins
Armour
 b - +0 swamp dragon scales (worn)
 o - a +0 cloak (worn)
 s - a +4 chain mail
Jewellery
 k - a +3 ring of protection (left hand)
 m - a +3 ring of dexterity (right hand)
Scrolls
 h - a scroll of blinking
 j - a scroll of summoning
Potions
 c - 6 potions of curing
 d - 5 potions of heal wounds
 e - a potion of haste
 f - 4 potions of magic
 g - 3 potions of berserk rage
 i - 2 potions of invisibility
 l - 3 potions of might
 n - 3 potions of mutation


   Skills:
 + Level 19.2 Fighting
 + Level 22.8 Axes
 + Level 15.8 Armour
 + Level 8.5 Dodging
 + Level 3.2 Stealth


You had 10 spell levels left.
You didn't know any spells.
Your spell library was empty.

Dungeon Overview and Level Annotations

Branches:
Dungeon (1/1)

Altars:
Gozag
Hepliaklqana
Sif Muna
Trog
Jiyva


Innate Abilities, Weirdness & Mutations

You have a pair of horns on your head.
You reflexively headbutt those who attack you in melee.
Your body sometimes deteriorates upon taking damage.


Message History

You barely miss the deep troll. The deep troll misses you.
You furiously retaliate!
You headbutt the deep troll. The deep troll completely misses you.
The deep troll claws you.
* * * LOW HITPOINT WARNING * * *
Unknown command.
Unknown command.
You feel much better.
The deep troll bites you but does no damage.
The deep troll claws you but does no damage. x2
The deep troll bites you! The deep troll closely misses you.
The deep troll claws you!
Unknown command.
Your cyclops goes berserk!
The deep troll bites you!
* * * LOW HITPOINT WARNING * * *
The deep troll barely misses you. The deep troll claws you.
* * * LOW HITPOINT WARNING * * *
The orc wizard casts a spell.
The orc wizard flickers and vanishes!
You feel much better. The deep troll bites you!
* * * LOW HITPOINT WARNING * * *
The deep troll closely misses you. x2
The deep troll bites you but does no damage.
The deep troll claws you.
* * * LOW HITPOINT WARNING * * *
The deep troll claws you!
* * * LOW HITPOINT WARNING * * *
Unknown command.
You swap places.
Your cyclops hits the deep troll!
Your cyclops barely misses the deep troll.
Unknown command.
You feel better. The deep troll bites you!
* * * LOW HITPOINT WARNING * * *
The deep troll claws you but does no damage.
The deep troll misses you. The yak gores your cyclops!
Your cyclops hits the yak!! The deep troll bites you!!
* * * LOW HITPOINT WARNING * * *
Your body deteriorates!
You feel dopey. The deep troll claws you!
You die...

....##..# #..#
....''..# #..#
....''..##########..#
....##..............#
....##..............#
#####################
############### ###
..............###..#
#.....)).......#@.#
###...#'######.CT##
..#####.##...##Y##
....##...#.).#YF{#
)....#...#...#o{Y#
.....'...'.|.'†.{'..
.....#...#...#...#...o
....##...#...#...#.....
..#####)##...##+## #.#.


You could see a deep troll, 2 yaks, a cane toad, an orc and a friendly cyclops
(summoned, berserk).

Vanquished Creatures
  A vampire knight (D)
  A green draconian (D)
  A merfolk javelineer (D)
  2 boulder beetles (D)
  A shadow wraith (D)
  A swamp dragon (D)
  A bog body (D)
  A deep elf zephyrmancer (D)
  A manticore (D)
  A demonic crawler (D)
  A freezing wraith (D)
  A rime drake (D)
  2 ice devils (D)
  An unseen horror (D)
  A guardian mummy (D)
  A polar bear (D)
  A troll (D)
  A red devil (D)
  4 merfolk (D)
  4 blink frogs (D)
  2 hornets (D)
  A vampire (D)
  2 wyverns (D)
  A wraith (D)
  A ynoxinul (D)
  5 yaks (D)
  A steam dragon (D)
  A neqoxec (D)
  An acid dragon (D)
  A small abomination (D)
  A water moccasin (D)
  A floating eye (D)
  A centaur (D)
  A phantom (D)
  A gnoll sergeant (D)
  A scorpion (D)
  4 killer bees (D)
  A crimson imp (D)
  A quasit (D)
  2 hounds (D)
  A jelly (D)
  A gnoll shaman (D)
  A hell rat (D)
  3 orc wizards (D)
  9 gnolls (D)
  An adder (D)
  A river rat (D)
  An adder zombie (D)
  2 orcs (D)
  3 bats (D)
  A bat skeleton (D)
  2 hobgoblins (D)
  3 kobolds (D)
  A ball python skeleton (D)
  2 frilled lizards (D)
  A goblin (D)
  A rat (D)
92 creatures vanquished.

Notes
Turn   | Place    | Note
-------+----------+-------------------------------------------
     0 | D        | mhtbhm the Minotaur Berserker began the quest for the Orb.
     0 | D        | Reached XP level 1. HP: 19/19 MP: 0/0
   123 | D        | Reached skill level 4 in Axes
   125 | D        | Reached ** piety under Trog
   221 | D        | Reached XP level 2. HP: 26/28 MP: 1/1
   250 | D        | Reached *** piety under Trog
   256 | D        | Reached skill level 5 in Fighting
   353 | D        | Found a bloodstained altar of Trog.
   353 | D        | Found a shimmering blue altar of Sif Muna.
   353 | D        | Found a viscous altar of Jiyva.
   353 | D        | Found a hazy altar of Hepliaklqana.
   353 | D        | Found an opulent altar of Gozag.
   377 | D        | Noticed a scorpion
   382 | D        | Reached skill level 5 in Axes
   384 | D        | Reached **** piety under Trog
   385 | D        | Reached XP level 3. HP: 30/37 MP: 2/2
   386 | D        | Killed a scorpion
   387 | D        | Reached skill level 7 in Axes
   387 | D        | Reached XP level 4. HP: 39/47 MP: 3/3
   388 | D        | Reached skill level 8 in Axes
   391 | D        | Reached ***** piety under Trog
   392 | D        | Reached XP level 5. HP: 21/53 MP: 4/4
   396 | D        | Reached skill level 9 in Axes
   396 | D        | Reached skill level 1 in Stealth
   598 | D        | Noticed a floating eye
   600 | D        | Killed a floating eye
   601 | D        | Reached skill level 10 in Axes
   601 | D        | Reached skill level 5 in Armour
   601 | D        | Reached XP level 6. HP: 64/64 MP: 5/5
   603 | D        | Noticed a hornet
   608 | D        | Killed a hornet
   609 | D        | Reached skill level 10 in Fighting
   609 | D        | Reached skill level 12 in Axes
   609 | D        | Reached skill level 5 in Dodging
   659 | D        | Received a gift from Trog
   662 | D        | Reached XP level 7. HP: 54/74 MP: 6/6
   771 | D        | Noticed a yak
   771 | D        | Noticed a yak
   771 | D        | Noticed a yak
   771 | D        | Noticed a bog body
   771 | D        | Noticed a yak
   779 | D        | Killed a yak
   780 | D        | Reached skill level 13 in Axes
   785 | D        | Killed a yak
   790 | D        | Killed a yak
   791 | D        | Reached skill level 14 in Axes
   791 | D        | Reached XP level 8. HP: 46/85 MP: 7/7
   800 | D        | Killed a bog body
   800 | D        | Received a gift from Trog
   801 | D        | Reached skill level 15 in Axes
  1245 | D        | Reached skill level 16 in Axes
  1250 | D        | Reached XP level 9. HP: 78/93 MP: 8/8
  1317 | D        | Noticed a boulder beetle
  1321 | D        | Lost intelligence.
  1329 | D        | Killed a boulder beetle
  1330 | D        | Reached skill level 17 in Axes
  1330 | D        | Reached skill level 10 in Armour
  1333 | D        | Gained mutation: Your body sometimes deteriorates upon
                  | taking damage. [a neqoxec]
  1500 | D        | Reached ****** piety under Trog
  1501 | D        | Reached skill level 18 in Axes
  1509 | D        | Received a gift from Trog
  1610 | D        | Noticed a red devil
  1616 | D        | Reached skill level 15 in Fighting
  1616 | D        | Reached XP level 10. HP: 102/105 MP: 9/9
  1861 | D        | Noticed a merfolk javelineer
  1869 | D        | Reached skill level 19 in Axes
  1870 | D        | Killed a merfolk javelineer
  1881 | D        | Received a gift from Trog
  2371 | D        | Received a gift from Trog
  2372 | D        | Reached skill level 20 in Axes
  2382 | D        | Received a gift from Trog
  2503 | D        | Noticed a deep elf zephyrmancer
  2503 | D        | Noticed a manticore
  2504 | D        | Killed a manticore
  2512 | D        | Killed a deep elf zephyrmancer
  2512 | D        | Received a gift from Trog
  2513 | D        | Reached XP level 11. HP: 112/116 MP: 10/10
  2530 | D        | Noticed a green draconian
  2531 | D        | Noticed a boulder beetle
  2531 | D        | Noticed a swamp dragon
  2538 | D        | Killed a green draconian
  2539 | D        | Reached skill level 21 in Axes
  2539 | D        | Killed a swamp dragon
  2540 | D        | Reached skill level 15 in Armour
  2544 | D        | Killed a boulder beetle
  2919 | D        | Received a gift from Trog
  2920 | D        | Reached skill level 22 in Axes
  2945 | D        | Noticed a vampire knight
  2948 | D        | Killed a shadow wraith
  2950 | D        | Received a gift from Trog
  2961 | D        | Killed a vampire knight
  2964 | D        | Received a gift from Trog
  2964 | D        | Noticed a deep troll
  2983 | D        | HP: 1/123 [deep troll (18)]
  2983 | D        | Mangled by a deep troll

Illustrated notes

Levels and vault maps discovered:
D:        pitsprint [storerooms_1, entrance_room_1, metal_vault_1, armoury_2,
          mini_pit_1, grid_room_1, main_hall_1, silver_pit, the_coven_1,
          the_vestibule_1, steel_vault_2, golden_pit, hallway_of_sentries,
          crystal_vault_3, iron_vault_4, final_vault]

Skill      XL: |  1  2  3  4  5  6  7  8  9 10 11 |
---------------+----------------------------------+-----
Fighting       | 4 5 7 8 9 11 12 13 15 16 19 | 19.2
Axes           | 4 5 7 8 10 12 14 16 18 20 22 | 22.8
Armour         | 3 4 5 6 7 9 12 14 15 | 15.8
Dodging        | 3 4 5 6 7 8 |  8.5
Stealth        | 1 2 3 |  3.2

Action                   |  1- 3 |  4- 6 |  7- 9 | 10-12 || total
-------------------------+-------+-------+-------+-------++-------
Melee: Hand axe          |    27 |    22 |     6 |       ||    55
       Headbutt          |       |     4 |    15 |    15 ||    34
       Punch             |       |     1 |       |       ||     1
       Battleaxe         |       |       |    28 |    90 ||   118
       War axe           |       |       |    28 |       ||    28
Invok: Berserk           |     1 |     1 |     2 |     3 ||     7
       Brothers in Arms  |       |       |       |     2 ||     2
  Use: Potion            |       |       |       |     4 ||     4
Armor: Chain mail        |     4 |     2 |    29 |    27 ||    62
       Swamp dragon scal |       |       |       |    15 ||    15
Dodge: Dodged            |    14 |     6 |    30 |    79 ||   129

Table legend: (Time is in decaauts)
 A = Elapsed time spent in this place.
 B = Non-inter-level travel time spent in this place.
 C = Inter-level travel time spent in this place.
 D = Time resting spent in this place.
 E = Time spent auto-exploring this place.
 F = Levels seen in this place.
 G = Mean time per level.
                   A        B        C        D        E       F      G
               +--------+--------+--------+--------+--------+-----+--------+
         Total |   2986 |   2986 |      0 |   2197 |     20 |   1 | 2986.0 |
       Dungeon |   2986 |   2986 |      0 |   2197 |     20 |   1 | 2986.0 |
               +--------+--------+--------+--------+--------+-----+--------+

Top non-repeatable levels by time:
       D: 2986 daAuts
